 Dungeon Crawl Stone Soup version 0.27-a0-279-gdfb9265905 (webtiles) character file.

Game seed: 4120922681922259474

11386 HoaS the Cruncher (level 11, -8/68 HPs)
             Began as a Gargoyle Gladiator on Feb 7, 2021.
             Was an Elder of Okawaru.
             Mangled by an eight-headed hydra (10 damage)
             ... on level 11 of the Dungeon.
             The game lasted 00:30:08 (12152 turns).

HoaS the Cruncher (Gargoyle Gladiator)             Turns: 12152, Time: 00:30:09

Health: -8/68      AC: 32    Str: 20    XL:     11   Next: 76%
Magic:  0/15       EV: 12    Int:  9    God:    Okawaru [****..]
Gold:   1883       SH:  0    Dex: 12    Spells: 10/10 levels left

rFire    . . .     SeeInvis .   w - +1 quarterstaff
rCold    . . .     Faith    .   (shield currently unavailable)
rNeg     + . .     Spirit   +   r - +6 chain mail of Guvec {rPois Will+}
rPois    ∞         Reflect  .   c - +0 helmet
rElec    +         Harm     .   y - +4 cloak "Gaitz" {*Drain rElec rPois Stlth-}
rCorr    .         Rampage  .   (no gloves)
Will     +....                  (no boots)
Stlth    ..........             g - amulet of guardian spirit
HPRegen  0.21/turn              (no ring)
MPRegen  0.14/turn              (no ring)

@: heroism
A: negative energy resistance 1, electricity resistance, unbreathing,
petrification resistance, miasma immunity, AC +8
a: Renounce Religion, Heroism


You were on level 11 of the Dungeon.
You worshipped Okawaru.
Okawaru was greatly pleased with you.
You visited 2 branches of the dungeon, and saw 12 of its levels.

You collected 2014 gold pieces.
You spent 131 gold pieces at shops.

Inventory:

Hand Weapons
 q - a +1 arbalest of flaming
 w - a +1 quarterstaff (weapon)
Missiles
 d - 30 boomerangs (quivered)
 i - 24 poisoned darts
 k - 10 curare-tipped darts
 p - 76 bolts
 A - 6 atropa-tipped darts
Armour
 c - a +0 helmet (worn)
 r - the +6 chain mail of Guvec (worn) {rPois Will+}
   (You acquired it on level 7 of the Dungeon)

   It protects you from poison.
   It affects your willpower, your defense against some magical effects.
 y - the +4 cloak "Gaitz" (worn) {*Drain rElec rPois Stlth-}
   (You found it on level 8 of the Dungeon)

   It insulates you from electricity.
   It protects you from poison.
   It causes draining when unequipped.
   It makes you less stealthy.
Jewellery
 g - an amulet of guardian spirit (around neck)
Wands
 f - a wand of random effects (9)
 o - a wand of mindburst (38)
 B - a wand of paralysis (2)
Scrolls
 l - 3 scrolls of teleportation
 m - 2 scrolls of blinking
 n - 5 scrolls of identify
 t - a scroll of holy word
 v - 6 scrolls of remove curse
 x - a scroll of fog
 C - a scroll of magic mapping {unknown}
Potions
 a - a potion of ambrosia
 b - 3 potions of lignification
 e - 3 potions of haste
 h - 2 potions of invisibility
 j - 9 potions of curing
 s - 2 potions of attraction
 u - a potion of might
 z - 2 potions of mutation


   Skills:
 * Level 8.2(13.2) Fighting
 - Level 14.0(19.0) Staves
 - Level 2.0(7.0) Crossbows
 - Level 1.7(6.7) Throwing
 + Level 5.4(10.4) Armour
 + Level 4.8(9.8) Dodging
 + Level 5.5 Invocations


You had 10 spell levels left.
You didn't know any spells.
Your spell library contained the following spells:

 Spells                   Type           Power        Failure   Level
 Animate Skeleton         Necr           0%           96%         1
 Apportation              Tloc           0%           96%         1
 Corona                   Hex            0%           96%         1
 Summon Small Mammal      Summ           0%           96%         1
 Call Imp                 Summ           0%           99%         2
 Call Canine Familiar     Summ           0%           100%        3
 Summon Guardian Golem    Hex/Summ       0%           100%        3
 Summon Ice Beast         Ice/Summ       0%           100%        4
 Summon Lightning Spire   Summ/Air       0%           100%        4


Dungeon Overview and Level Annotations

Branches:
Dungeon (11/15)            Temple (1/1) D:7            Lair (0/6) D:11
    Orc: D:9-12

Altars:
Ashenzari
Cheibriados
Dithmenos
Elyvilon
Fedhas
Gozag
Hepliaklqana
Kikubaaqudgha
Makhleb
Nemelex Xobeh
Okawaru
Qazlal
Ru
Sif Muna
Trog
Uskayaw
Vehumet
Wu Jian
Xom
Yredelemnul
Zin
The Shining One

Shops:
D:5 (

Annotations:
D:9 3 runed translucent doors, MartinH's ghost, journeyman MiFi


Innate Abilities, Weirdness & Mutations

You are resistant to torment.
Your stone body is resilient. (AC +8)
You are immune to poison.
You resist negative energy. (rN+)
You are resistant to electric shocks. (rElec)
You can survive without breathing.
You are immune to petrification.
You are immune to miasma.


Message History

* * * LOW HITPOINT WARNING * * *
The eight-headed hydra barely misses you.
The eight-headed hydra bites you but does no damage.
The eight-headed hydra closely misses you.
The eight-headed hydra bites you!
* * * LOW HITPOINT WARNING * * *
The eight-headed hydra closely misses you.
The eight-headed hydra bites you but does no damage.
You hit the eight-headed hydra.
The eight-headed hydra is severely wounded.
You sock the eight-headed hydra!
The eight-headed hydra is almost dead.
The eight-headed hydra completely misses you.
The eight-headed hydra bites you but does no damage. x2
The eight-headed hydra misses you.
The eight-headed hydra bites you but does no damage. x2
The eight-headed hydra bites you!
* * * LOW HITPOINT WARNING * * *
The eight-headed hydra bites you!
You die...

########## #........#
#........# #........#
#........####
#.....D@....############
#........##.............
#........###############
.........# .#####.### ..
#.# #.


You could see an eight-headed hydra.

Vanquished Creatures
  A boulder beetle (D:7)
  An unseen horror (D:11)
  2 manticores (D:11)
  An ugly thing (D:10)
  A gargoyle (D:11)
  A centaur skeleton (D:8)
  Grinder (D:5)
  Sigmund (D:6)
  A wyvern (D:10)
  Eustachio (D:4)
  10 yaks
  Menkaure (D:5)
  Duvessa (D:6)
  8 orc warriors
  8 ice beasts
  A sky beast (D:9)
  9 ogres
  7 centaurs
  3 necrophages
  2 phantoms
  Blork the orc (D:6)
  2 big kobolds (D:9)
  8 bullfrogs
  Dowan (D:6)
  A scorpion (D:4)
  4 killer bees (D:11)
  11 wights
  A howler monkey (D:10)
  A quasit (D:5)
  5 hounds
  Crazy Yiuf (D:2)
  8 orc priests
  2 bullfrog skeletons
  3 jellies
  2 iguanas
  9 orc wizards
  8 worker ants
  3 hound skeletons
  A howler monkey skeleton (D:6)
  9 adders
  3 gnolls (D:2)
  2 shadow imps
  2 white imps
  2 oozes
  An adder skeleton (D:9)
  An adder zombie (D:6)
  2 worms (D:2)
  5 dart slugs
  4 leopard geckos
  54 orcs
  7 giant cockroaches
  9 goblins
  6 hobgoblins
  5 jackals
  18 kobolds
  4 quokkas
  8 bats
  4 frilled lizards
  A leopard gecko skeleton (D:7)
  11 rats
291 creatures vanquished.

Vanquished Creatures (others)
  A plant (D:1)
1 creature vanquished.

Grand Total: 292 creatures vanquished

Notes
Turn   | Place    | Note
-------+----------+-------------------------------------------
     0 | D:1      | HoaS the Gargoyle Gladiator began the quest for the Orb.
     0 | D:1      | Reached XP level 1. HP: 12/12 MP: 1/1
   210 | D:1      | Reached XP level 2. HP: 9/17 MP: 2/2
   483 | D:1      | Reached skill level 4 in Staves
   539 | D:1      | Reached XP level 3. HP: 20/21 MP: 3/3
   922 | D:2      | Found a runed translucent door.
   925 | D:2      | Noticed Crazy Yiuf
  1024 | D:2      | Reached XP level 4. HP: 23/26 MP: 4/4
  1211 | D:2      | Reached skill level 5 in Staves
  1657 | D:2      | Killed Crazy Yiuf
  1658 | D:2      | Reached XP level 5. HP: 30/30 MP: 5/5
  1753 | D:3      | Reached skill level 6 in Staves
  2256 | D:3      | Found a sacrificial altar of Ru.
  2360 | D:3      | Reached XP level 6. HP: 34/35 MP: 6/6
  2406 | D:3      | Found a shimmering blue altar of Sif Muna.
  2637 | D:3      | Found a shimmering altar of Xom.
  2827 | D:4      | Reached skill level 1 in Crossbows
  2905 | D:4      | Reached skill level 7 in Staves
  2936 | D:4      | Found a burning altar of Makhleb.
  3110 | D:4      | Found a blossoming altar of Fedhas.
  3204 | D:5      | Entered Level 5 of the Dungeon
  3204 | D:5      | Noticed Eustachio
  3214 | D:4      | Reached XP level 7. HP: 40/40 MP: 7/7
  3436 | D:4      | Killed Eustachio
  3437 | D:4      | Reached skill level 8 in Staves
  3737 | D:5      | Reached skill level 9 in Staves
  3737 | D:5      | Reached XP level 8. HP: 27/44 MP: 5/8
  3771 | D:5      | Found Yxzichod's Weapon Shop.
  3860 | D:5      | Noticed Menkaure
  3868 | D:5      | Killed Menkaure
  4030 | D:5      | Noticed Grinder
  4053 | D:5      | Killed Grinder
  4054 | D:5      | Reached skill level 10 in Staves
  4860 | D:5      | Reached skill level 11 in Staves
  4887 | D:5      | Reached XP level 9. HP: 24/48 MP: 2/9
  5145 | D:6      | Noticed Duvessa
  5145 | D:6      | Noticed Dowan
  5160 | D:6      | Killed Duvessa
  5165 | D:6      | Killed Dowan
  5175 | D:6      | Noticed Blork the orc
  5185 | D:6      | Killed Blork the orc
  5215 | D:6      | Noticed Sigmund
  5234 | D:6      | Killed Sigmund
  5235 | D:6      | Reached skill level 12 in Staves
  5451 | D:6      | Found a glowing golden altar of the Shining One.
  5896 | D:7      | Identified a scroll of acquirement
  5896 | D:7      | Acquired the +6 chain mail of Guvec {rPois Will+}
  6311 | D:7      | Found a staircase to the Ecumenical Temple.
  6366 | D:7      | Reached skill level 13 in Staves
  6384 | D:7      | Noticed a boulder beetle
  6828 | D:7      | Killed a boulder beetle
  6829 | D:7      | Reached XP level 10. HP: 9/53 MP: 3/10
  7200 | Temple   | Entered the Ecumenical Temple
  7392 | Temple   | Became a worshipper of Warmaster Okawaru
  7898 | D:8      | Reached skill level 14 in Staves
  7898 | D:8      | Reached skill level 1 in Invocations
  8175 | D:8      | Found an ornate altar of the Wu Jian Council.
  8324 | D:8      | Reached skill level 1 in Armour
  8468 | D:8      | Got a jewelled cloak
  8469 | D:8      | Identified the +4 cloak "Gaitz" {*Drain rElec rPois Stlth-}
                  | (You found it on level 8 of the Dungeon)
  8713 | D:9      | Reached * piety under Okawaru
  9158 | D:9      | Reached ** piety under Okawaru
  9231 | D:9      | Reached skill level 5 in Fighting
  9266 | D:9      | Noticed MartinH's ghost (journeyman MiFi)
  9392 | D:9      | Found a runed translucent gate.
  9392 | D:9      | Found a runed translucent gate.
  9392 | D:9      | Found a runed translucent gate.
  9422 | D:10     | Entered Level 10 of the Dungeon
  9550 | D:5      | Bought a +0 arbalest of flaming for 131 gold pieces
  9826 | D:10     | Reached XP level 11. HP: 64/64 MP: 11/13
 10426 | D:10     | Reached *** piety under Okawaru
 10788 | D:11     | Noticed a manticore
 11048 | D:11     | Killed a manticore
 11158 | D:11     | Noticed a green ugly thing
 11278 | D:10     | Killed a green ugly thing
 11314 | D:11     | Killed an unseen horror
 11407 | D:11     | Acquired 1275 gold pieces
 11453 | D:11     | Reached **** piety under Okawaru
 11494 | D:11     | Reached skill level 5 in Armour
 11494 | D:11     | Reached skill level 5 in Invocations
 11948 | D:11     | Noticed a manticore
 11965 | D:11     | Killed a manticore
 12110 | D:11     | Found a staircase to the Lair.
 12137 | D:11     | Noticed an eight-headed hydra
 12152 | D:11     | HP: 2/68 [eight-headed hydra (6)]
 12152 | D:11     | Mangled by an eight-headed hydra

Illustrated notes

Levels and vault maps discovered:
D:1:      dpeg_arrival_concentric_ovals, layout_basic, hangedman_decor_push,
          minmay_crystal_room, serial_bayou_pond_a
D:2:      layout_basic, uniq_crazy_yiuf_cottage
D:3:      minmay_general_purpose_star, layout_basic, general_overflow_altar,
          overflow_temple_1_default, xom_teletrap_fun
D:4:      layout_rooms, lemuel_coloured_pillars_altar, kennysheep_mini
D:5:      layout_cave_pools, serial_shops, shop_statue, uniq_eustachio,
          uniq_menkaure, uniq_grinder
D:6:      layout_basic, tso_oasis_becter, uniq_duvessa, uniq_blork_the_orc,
          uniq_sigmund
D:7:      layout_basic, minmay_temple_entry_drinking_statues
D:8:      layout_loops_ring, marbit_many_paths
D:9:      layout_big_octagon, gammafunk_ghost_split
D:10:     layout_grid_maze
D:11:     layout_roguey, lair_entry_dummy, orc_0_dummy, gauntlet_entry_generic,
          lightli_elemental_guards
Temple:   eino_temple_scatter_basement

Skill      XL: |  1  2  3  4  5  6  7  8  9 10 11 |
---------------+----------------------------------+-----
Staves         | 4 5 6 7 9 11 13 14 | 14.0
Crossbows      | 2 |  2.0
Invocations    | 3 5 |  5.5
Armour         | 3 5 |  5.4
Fighting       | 5 8 |  8.2
Dodging        | 3 4 |  4.8
Throwing       | |  1.7

Action                   |  1- 3 |  4- 6 |  7- 9 | 10-12 || total
-------------------------+-------+-------+-------+-------++-------
Melee: Quarterstaff      |    92 |   212 |   443 |   705 ||  1452
 Fire: Arbalest          |       |       |       |     2 ||     2
Throw: Throwing net      |     1 |     1 |     1 |       ||     3
       Dart              |       |       |     3 |       ||     3
       Boomerang         |       |       |     3 |       ||     3
Invok: Heroism           |       |       |       |     4 ||     4
Evoke: Wand              |       |       |     1 |     1 ||     2
  Use: Scroll            |     4 |     4 |    10 |     9 ||    27
       Potion            |       |       |     2 |     2 ||     4
 Stab: Held in net/web   |       |     1 |     1 |       ||     2
Armor: Scale mail        |    29 |       |       |       ||    29
       Chain mail        |    18 |   116 |   131 |   500 ||   765
       Plate armour      |       |       |   188 |       ||   188
Dodge: Dodged            |    39 |    74 |   148 |   271 ||   532

Table legend: (Time is in decaauts)
 A = Elapsed time spent in this place.
 B = Non-inter-level travel time spent in this place.
 C = Inter-level travel time spent in this place.
 D = Time resting spent in this place.
 E = Time spent auto-exploring this place.
 F = Levels seen in this place.
 G = Mean time per level.
                   A        B        C        D        E       F      G
               +--------+--------+--------+--------+--------+-----+--------+
         Total |  11786 |  11095 |    691 |   3180 |   5618 |  12 |  982.2 |
       Dungeon |  11572 |  10927 |    645 |   3180 |   5451 |  11 | 1052.0 |
        Temple |    213 |    168 |     45 |      0 |    167 |   1 |  213.0 |
               +--------+--------+--------+--------+--------+-----+--------+

Top non-repeatable levels by time:
     D:7: 1518 daAuts
     D:5: 1477 daAuts
     D:8: 1334 daAuts
    D:10: 1280 daAuts
     D:6: 1006 daAuts
     D:3: 1004 daAuts
    D:11: 915 daAuts
     D:1: 908 daAuts
     D:2: 844 daAuts
     D:9: 713 daAuts
     D:4: 569 daAuts
  Temple: 213 daAuts
